 Dungeon Crawl Stone Soup version 0.23.2-1-ga50397a (webtiles) character file.

Game seed: 13173584905491634078

46 MalarOregon the Grave Robber (level 3, -5/26 HPs)
             Began as a Ghoul Necromancer on May 26, 2019.
             Killed by divine providence
             ... invoked by an orc priest
              (12 damage)
             ... on level 4 of the Dungeon.
             The game lasted 00:02:36 (1295 turns).

MalarOregon the Grave Robber (Ghoul Necromancer)    Turns: 1295, Time: 00:02:37

Health: -5/26      AC:  2    Str: 11    XL:     3   Next: 68%
Magic:  3/5        EV: 12    Int: 10    God:
Gold:   46         SH:  0    Dex: 10    Spells: 5/6 levels left

rFire    . . .     SeeInvis .   c - +0 hunting sling
rCold    + . .     Gourm    .   (no shield)
rNeg     + + +     Faith    .   a - +0 robe
rPois    ∞         Spirit   .   (no helmet)
rElec    .         Reflect  .   (no cloak)
rCorr    .         Harm     .   (no gloves)
MR       .....                  (no boots)
Stlth    ++........             (no amulet)
HPRegen  0.00/turn              (no ring)
MPRegen  0.09/turn              (no ring)

@: rotting
A: rotting body, claws 1, carnivore, cold resistance 1, negative energy
resistance 3, inhibited regeneration, torment resistance, unbreathing
a: no special abilities


You were on level 4 of the Dungeon.
You were not hungry.

You visited 1 branch of the dungeon, and saw 3 of its levels.

You collected 46 gold pieces.

Inventory:

Hand Weapons
 c - a +0 hunting sling (weapon)
   (You found it on level 1 of the Dungeon)
 d - a +0 dagger
   (You took it off a kobold on level 1 of the Dungeon)
Missiles
 g - 45 stones (quivered)
Armour
 a - a +0 robe (worn)
Scrolls
 f - a scroll of identify {unknown}
 h - 2 scrolls of remove curse {unknown}
 l - a scroll of teleportation {unknown}
Potions
 b - a potion of cancellation {unknown}
 i - 2 potions of heal wounds {unknown}
 j - 2 potions of curing {unknown}
 k - a potion of agility {unknown}
 m - 2 potions of ambrosia {unknown}
Comestibles
 e - 5 rations {!d}


   Skills:
 + Level 2.3 Dodging
 + Level 3.0 Stealth
 + Level 2.2 Spellcasting
 + Level 4.3 Necromancy


You had 5 spell levels left.
You knew the following spells:

 Your Spells              Type           Power        Failure   Level  Hunger
a - Pain                  Necr           #...         5%          1    ##.....

Your spell library contained the following spells:

 Spells                   Type           Power        Failure   Level  Hunger
 Animate Skeleton         Necr           N/A          5%          1    ##.....
 Vampiric Draining        Necr           #.........   16%         3    ####...
 Regeneration             Chrm/Necr      #.........   36%         3    ####...
 Animate Dead             Necr           N/A          45%         4    #####..


Dungeon Overview and Level Annotations

Branches:
Dungeon (2/15)

Altars:

Annotations:
D:2 exclusion: 2 orcs


Innate Abilities, Weirdness & Mutations

Your body is rotting away.
You thrive on raw meat.
You are immune to poison.
You have sharp fingernails.
You are carnivorous and can eat meat at any time.
Your flesh is cold resistant. (rC+)
You are immune to negative energy. (rN+++)
You do not regenerate when monsters are visible.
You are immune to unholy pain and torment.
You can survive without breathing.


Message History

The worker ant closely misses you. x2
Firing (i - inventory)
g - 49 stones (quivered)
Aim: a worker ant (almost dead)
You shoot a stone. The stone hits the worker ant.
The worker ant bites you.
Firing (i - inventory)
g - 48 stones (quivered)
Aim: a worker ant (almost dead)
You shoot a stone. The stone hits the worker ant.
The worker ant barely misses you.
Firing (i - inventory)
g - 47 stones (quivered)
Aim: a worker ant (almost dead)
You shoot a stone. The stone hits the worker ant.
You kill the worker ant!
Your Stealth skill increases to level 3!
You have reached level 3!
Your experience leads to an increase in your attributes!
Increase (S)trength, (I)ntelligence, or (D)exterity?
You feel agile.
You start resting.
An orc wizard comes into view. It is wielding a +0 dagger.
You start resting.
You start resting.
An orc comes into view. It is wielding a +0 falchion.
Firing (i - inventory)
g - 46 stones (quivered)
Aim: an orc, wielding a +0 falchion (hasn't noticed you)
You shoot a stone. The orc shouts!
The stone hits the orc.
You hear a shout!
An orc priest comes into view. It is wielding a +0 dagger.
The orc priest calls down the wrath of Beogh upon you.
Beogh smites you!
Ouch! That really hurt!
* * * LOW HITPOINT WARNING * * *
Okay, then.
You aren't carrying any items that you can evoke.
Unknown command.
You start resting.
The orc is too close now for your liking.
Aim: an orc, wielding a +0 falchion (heavily wounded, chance to defeat MR: 76%)
The orc barely resists.
Aim: an orc, wielding a +0 falchion (heavily wounded, chance to defeat MR: 76%)
The orc writhes in agony.
You kill the orc!
You start resting.
The orc priest is too close now for your liking.
The orc wizard casts a spell.
The orc wizard blinks!
The orc priest mumbles some strange prayers to Beogh against you.
Beogh smites you!
You die...

.... .... ...(.
. ...(
..#####.#+#
..........#
..........###
.........@..#
.......(..#.###
...o..§(....o.#
...........##.#
...........##.#
##########.##o#
#..).# ######


You could see an orc priest and an orc wizard.

Vanquished Creatures
  A worker ant (D:4)
  A dart slug (D:1)
  An orc (D:4)
  A giant cockroach (D:2)
  2 goblins (D:1)
  4 hobgoblins (D:1)
  A bat (D:1)
  4 kobolds (D:1)
  3 rats
18 creatures vanquished.

Notes
Turn   | Place    | Note
-------+----------+-------------------------------------------
     0 | D:1      | MalarOregon the Ghoul Necromancer began the quest for the
                  | Orb.
     0 | D:1      | Reached XP level 1. HP: 14/14 MP: 2/2
   292 | D:1      | Reached XP level 2. HP: 20/20 MP: 3/3
  1199 | D:2      | You fall through a shaft for 2 floors!
  1215 | D:4      | Reached XP level 3. HP: 14/26 MP: 1/5
  1295 | D:4      | Killed from afar by an orc priest

Skill      XL: |  1  2 |
---------------+-------+-----
Dodging        | 2 |  2.3
Spellcasting   | 2 |  2.2
Stealth        | 3 |  3.0
Necromancy     | |  4.3

Action                   || total
-------------------------++-------
 Fire: Hunting sling     ||    65
 Cast: Pain              ||    11
  Eat: Chunk             ||     2
Armor: Robe              ||     7
Dodge: Dodged            ||    37
